 Dungeon Sprint DCSS version 0.29.1-12-g30fa7ad0bf (webtiles) character file.

Game seed: 9723583349145723299

5852 Groucho the Imperceptible (level 10, 57/57 HPs)
             Began as a Felid Berserker on Dec 28, 2022.
             Was a High Priest of Trog.
             Got out of the dungeon alive.
             The game lasted 00:10:40 (4322 turns).

Groucho the Imperceptible (Felid Berserker)         Turns: 4322, Time: 00:10:41

Health: 57/57      AC:  2    Str: 11 (13) XL:     10   Next: 52%
Magic:  11/11      EV: 35    Int:  7 (10) God:    Trog [*****.]
Gold:   3140       SH:  0    Dex: 22 (23) Spells: 9/9 levels left
                                        Lives:  0   Deaths: 3

rFire   + . .      SeeInvis +     - Unarmed
rCold   x . .      Faith    .   (shield unavailable)
rNeg    . . .      Spirit   .   (body armour unavailable)
rPois   .          Reflect  .   (helmet unavailable)
rElec   .          Harm     .   (cloak unavailable)
rCorr   .          Rampage  .   (gloves unavailable)
Will    +....      NoTele   +   (boots unavailable)
Stlth   ++++++++++              (no amulet)
HPRegen 0.19/turn               p - ring "Fogogatu" {Fire Contam Dex+4 Stlth+}
MPRegen 0.12/turn               (no ring)

@: brilliant, hasted, very quick
A: very small, claws 1, fangs 3, see invisible, speed 1, shaggy fur 2, stealthy
paws, no weapons or thrown items, no armour, multi-lived
a: Renounce Religion, Berserk, Trog's Hand, Brothers in Arms


You escaped.
You worshipped Trog.
Trog was extremely pleased with you.
You visited 1 branch You collected 3746 gold pieces.
You spent 606 gold pieces at shops.

Inventory:

Jewellery
 k - the amulet "Osuzaunt" {Faith *Corrode rPois Dex+4}
   (You found it in the Dungeon)

   [amulet of faith]

   It allows you to gain divine favour quickly.
   Dex:       It affects your dexterity (+4).
   rPois:     It protects you from poison.
   *Corrode:  It may corrode you when you take damage.
 p - the ring "Fogogatu" (left paw) {Fire Contam Dex+4 Stlth+}
   (You bought it in a shop in the Dungeon)

   [ring of fire]

   It enhances your fire magic.
   Dex:       It affects your dexterity (+4).
   rF:        It protects you from fire.
   rC:        It makes you vulnerable to cold.
   Contam:    It causes magical contamination when unequipped.
   Stlth:     It makes you more stealthy.
Scrolls
 b - 2 scrolls of poison {unknown}
 f - 3 scrolls of identify {unknown}
 g - a scroll of brand weapon {unknown}
 l - a scroll of enchant armour {unknown}
 n - a scroll of magic mapping {unknown}
 o - a scroll of torment {unknown}
 q - a scroll of immolation {unknown}
Potions
 a - 3 potions of curing
 d - 4 potions of magic
 e - a potion of berserk rage
 i - a potion of brilliance


   Skills:
 + Level 14.6 Fighting
 + Level 18.6 Dodging
 - Level 23.3 Stealth
 * Level 17.6 Unarmed Combat


You had 9 spell levels left.
You didn't know any spells.
Your spell library was empty.

Dungeon Overview and Level Annotations

Branches:
Dungeon (1/1)

Altars:
Cheibriados
Dithmenos
Elyvilon
Fedhas
Gozag
Hepliaklqana
Kikubaaqudgha
Makhleb
Nemelex Xobeh
Okawaru
Qazlal
Ru
Sif Muna
Trog
Uskayaw
Vehumet
Wu Jian
Xom
Yredelemnul
Zin
The Shining One
Jiyva
Lugonu

Shops:
D (*?([[[*?*(([?[[**


Innate Abilities, Weirdness & Mutations

You have sharp claws.
You have razor-sharp teeth.
You have supernaturally acute eyesight. (SInv)
You cover ground quickly. (Speed+)
You are covered in thick fur. (AC +2)
Your paws help you pounce on unaware monsters.
You are incapable of wielding weapons or throwing items.
You cannot wear armour.
You gain extra lives every three experience levels.


Message History

It was a potion of brilliance.
You feel clever all of a sudden.
Unknown command.
It was a potion of degeneration.
There was something very wrong with that liquid.
You feel weakened.
You feel dopey.
You feel clumsy.
Unknown command.
Unknown command.
It was a potion of attraction.
You feel attractive to monsters.
You fade into invisibility!
You feel yourself speed up.
There is an open door here.
You see here a +0 flail.
There is an open door here.
Found a glowing emerald potion.
There is an open door here.
Which direction?
You close the door.
You flicker for a moment.
There is an open door here.
Things that are here:
a +0 dagger; a +0 robe
There is an open door here.
There is an open door here.
You flicker back into view.
There is an open door, spattered with blood here.
There is an open door here.
Things that are here:
a +0 scythe; a +2 robe of positive energy
There is an open door here.
You see here a +0 giant club.
You feel less attractive to monsters.
There is an open door here.
There is an open door, spattered with blood here.
There is a staircase leading out of the dungeon here.
Are you sure you want to leave the Dungeon?
This will make you lose the game!
Alright, then stay!
Are you sure you want to leave the Dungeon?
This will make you lose the game!
You have escaped!

##################
#@.#).'..#.)'..#__
#..'..#.)'..#..'..
#..#####'#####'#__
#..####..#...#.###
#..#__####..##§#§~
#..#_____##'#§.§~~
#⌠⌠#_.∩...'...§#~~
####_..__##_.#'##+
#_____###'#.#..


There were no monsters in sight!

Vanquished Creatures
  A golden dragon (D)
  A shadow dragon (D)
  2 fire giants (D)
  A lorocyproca (D)
  A hydra (D)
  2 centaur warriors (D)
  Sonja (D)
  A deep troll (D)
  A lindwurm (D)
  An oklob plant (D)
  A gargoyle (D)
  7 unseen horrors (D)
  2 kobold demonologists (D)
  A hornet (D)
  A slime creature (D)
  Sigmund (D)
  A yak (D)
  13 hogs (D)
  2 redbacks (D)
  3 floating eyes (D)
  An ogre (D)
  7 necrophages (D)
  8 jellies (D)
  Ijyb (D)
  A ballistomycete spore (D)
62 creatures vanquished.

Vanquished Creatures (collateral kills)
  A fire giant (D)
  4 demonic crawlers (D)
5 creatures vanquished.

Vanquished Creatures (others)
  A ballistomycete spore (D)
1 creature vanquished.

Grand Total: 68 creatures vanquished

Notes
Turn   | Place    | Note
-------+----------+-------------------------------------------
     0 | D        | Groucho the Felid Berserker began the quest for the Orb.
     0 | D        | Reached XP level 1. HP: 10/10 MP: 2/2
     2 | D        | Noticed Ijyb
    16 | D        | Killed Ijyb
    17 | D        | Reached skill level 8 in Stealth
    17 | D        | Reached XP level 2. HP: 2/14 MP: 3/3
   522 | D        | Noticed an ogre
   524 | D        | Killed an ogre
   525 | D        | Reached skill level 12 in Stealth
   525 | D        | Reached XP level 3. HP: 17/17 MP: 4/4
   525 | D        | Reached XP level 4. HP: 21/21 MP: 5/5
   537 | D        | Noticed Sigmund
   539 | D        | Killed Sigmund
   539 | D        | Reached ** piety under Trog
   540 | D        | Reached skill level 17 in Stealth
   540 | D        | Reached XP level 5. HP: 24/24 MP: 6/6
   540 | D        | Gained mutation: You are covered in thick fur. (AC +2)
                  | [Felid growth]
   540 | D        | Reached XP level 6. HP: 28/28 MP: 7/7
   552 | D        | Found a shimmering blue altar of Sif Muna.
   553 | D        | Found an ornate altar of the Wu Jian Council.
   554 | D        | Found a radiant altar of Vehumet.
   727 | D        | Found Kerunnen's Assorted Antiques.
   727 | D        | Found an ancient bone altar of Kikubaaqudgha.
   727 | D        | Found a hazy altar of Hepliaklqana.
   727 | D        | Found a stormy altar of Qazlal.
   727 | D        | Found a hide-covered altar of Uskayaw.
   727 | D        | Found a blossoming altar of Fedhas.
   727 | D        | Found a bloodstained altar of Trog.
   727 | D        | Found an iron altar of Okawaru.
   727 | D        | Found a basalt altar of Yredelemnul.
   727 | D        | Found a glowing golden altar of the Shining One.
   727 | D        | Found a snail-covered altar of Cheibriados.
   727 | D        | Found a sacrificial altar of Ru.
   727 | D        | Found a glowing silver altar of Zin.
   727 | D        | Found a shadowy altar of Dithmenos.
   727 | D        | Found a white marble altar of Elyvilon.
   727 | D        | Noticed a yak
   728 | D        | Found an opulent altar of Gozag.
   729 | D        | Killed a yak
   730 | D        | Reached skill level 19 in Stealth
   730 | D        | Found a sparkling altar of Nemelex Xobeh.
   748 | D        | Found a burning altar of Makhleb.
   748 | D        | Found a shimmering altar of Xom.
   748 | D        | Noticed a slime creature
   749 | D        | Found a viscous altar of Jiyva.
   749 | D        | Found a corrupted altar of Lugonu.
   751 | D        | Killed a slime creature
   752 | D        | Reached skill level 5 in Dodging
   752 | D        | Reached XP level 7. HP: 32/32 MP: 8/8
   772 | D        | Noticed a centaur warrior
   777 | D        | Noticed a centaur warrior
   778 | D        | Killed a centaur warrior
   778 | D        | Reached *** piety under Trog
   779 | D        | Reached skill level 20 in Stealth
   779 | D        | Reached XP level 8. HP: 38/38 MP: 9/9
   779 | D        | Killed a centaur warrior
   780 | D        | Reached skill level 21 in Stealth
   787 | D        | Noticed a hornet
   790 | D        | Killed a hornet
   791 | D        | Reached skill level 10 in Dodging
   802 | D        | Noticed an oklob plant
   804 | D        | Killed an oklob plant
   805 | D        | Reached XP level 9. HP: 45/45 MP: 10/10
   811 | D        | Reached **** piety under Trog
   812 | D        | Reached skill level 22 in Stealth
   841 | D        | Noticed an unseen horror
   842 | D        | Noticed an unseen horror
   848 | D        | Killed an unseen horror
   850 | D        | Killed an unseen horror
   850 | D        | Reached ***** piety under Trog
  1288 | D        | Reached ****** piety under Trog
  1305 | D        | Found Zyczom's Weapon Shoppe.
  1305 | D        | Found Liba's Magic Scroll Shop.
  1305 | D        | Found Vopo's Armour Boutique.
  1307 | D        | Found Xosemozod's Antique Armour Emporium.
  1307 | D        | Found Qughoo's Antique Armour Shop.
  1307 | D        | Found Zuleicutwi's General Store.
  1307 | D        | Found Xugil's Magic Scroll Boutique.
  1307 | D        | Found Deotsate's Assorted Antiques.
  1307 | D        | Found Zaut Dyut's Antique Weapon Shop.
  1307 | D        | Found Zaff's Antique Weapon Shoppe.
  1311 | D        | Found Vepezocw's Antique Armour Boutique.
  1312 | D        | Found Ruomuink's Armour Emporium.
  1312 | D        | Found Pocink's Magic Scroll Boutique.
  1313 | D        | Found Ticog's General Store.
  1324 | D        | Bought a potion of invisibility for 80 gold pieces
  1324 | D        | Bought a scroll of blinking for 75 gold pieces
  1374 | D        | Noticed a deep troll
  1378 | D        | Killed a deep troll
  1379 | D        | Reached skill level 10 in Fighting
  1379 | D        | Reached skill level 23 in Stealth
  1379 | D        | Reached skill level 10 in Unarmed Combat
  1379 | D        | Reached XP level 10. HP: 51/51 MP: 11/11
  1390 | D        | Found Uwioj's Armour Emporium.
  1658 | D        | Noticed Sonja
  1662 | D        | HP: 2/51 [Sonja/+2 dagger of distortion (2)]
  1662 | D        | Demolished by Sonja
  1663 | D        | Reached XP level 9. HP: -15/47 MP: 10/10
  1690 | D        | Killed Sonja
  1935 | D        | Found Cipun's Weapon Boutique.
  2007 | D        | Bought the ring "Fogogatu" {Fire Contam Dex+4 Stlth+} for
                  | 451 gold pieces
  2058 | D        | Noticed a kobold demonologist
  2059 | D        | Noticed a kobold demonologist
  2075 | D        | Killed a kobold demonologist
  2078 | D        | Killed a kobold demonologist
  2134 | D        | Noticed a demonic crawler
  2134 | D        | Noticed a demonic crawler
  2134 | D        | Noticed a demonic crawler
  2134 | D        | Noticed a demonic crawler
  2147 | D        | Killed a demonic crawler
  2149 | D        | Killed a demonic crawler
  2151 | D        | Killed a demonic crawler
  2152 | D        | Reached XP level 10. HP: 11/52 MP: 11/11
  2322 | D        | Noticed a lorocyproca
  2330 | D        | Killed a lorocyproca
  2331 | D        | Reached skill level 15 in Dodging
  2683 | D        | Noticed a lindwurm
  2685 | D        | Killed a lindwurm
  2761 | D        | Noticed a 12-headed hydra
  2762 | D        | Paralysed by a floating eye for 2 turns
  2763 | D        | Slain by a 12-headed hydra
  2764 | D        | Reached XP level 9. HP: -1/50 MP: 10/10
  2770 | D        | Killed a 15-headed hydra
  2771 | D        | Reached XP level 10. HP: 54/54 MP: 11/11
  3143 | D        | Noticed a shadow dragon
  3143 | D        | Noticed a golden dragon
  3144 | D        | Identified the +5 ring mail of Hiaqybbi {Will+ Str+5
                  | Stlth+}
  3145 | D        | Killed a shadow dragon
  3146 | D        | Reached skill level 15 in Unarmed Combat
  3146 | D        | Killed a golden dragon
  3188 | D        | Identified the amulet "Osuzaunt" {Faith *Corrode rPois
                  | Dex+4}
  3207 | D        | Found Sifuku's General Store.
  3261 | D        | Noticed a daeva
  3271 | D        | Reached XP level 11. HP: 24/59 MP: 12/12
  3436 | D        | Noticed a fire giant
  3439 | D        | Noticed a fire giant
  3440 | D        | Noticed a fire giant
  3441 | D        | Noticed a fire giant
  3443 | D        | Killed a fire giant
  3447 | D        | Killed a fire giant
  3465 | D        | Killed a fire giant
  3470 | D        | Slain by a fire giant
  3471 | D        | Reached XP level 10. HP: -5/85 MP: 11/11
  3592 | D        | Noticed a gargoyle
  3594 | D        | Killed a gargoyle
  4322 | D        | Got out of the dungeon alive.

Illustrated notes

Levels and vault maps discovered:
D:        dungeon_sprint_1 [red_sonja_temple_1, red_sonja_temple_small_1]

Skill      XL: |  1  2  3  4  5  6  7  8  9 10 11 |
---------------+----------------------------------+-----
Stealth        | 8 12 17 19 20 21 23 | 23.3
Fighting       | 4 6 8 11 13 14 | 14.6
Dodging        | 5 8 10 14 17 18 | 18.6
Unarmed Combat | 4 6 8 12 16 17 | 17.6

Action                   |  1- 3 |  4- 6 |  7- 9 | 10-12 || total
-------------------------+-------+-------+-------+-------++-------
Melee: Unarmed           |    12 |     5 |    79 |    83 ||   179
       Bite              |     3 |       |     8 |    10 ||    21
       Punch             |       |       |     4 |    11 ||    15
Invok: Berserk           |     1 |     1 |     6 |     2 ||    10
       Trog's Hand       |       |       |     7 |     6 ||    13
       Brothers in Arms  |       |       |     5 |     3 ||     8
  Use: Scroll            |       |       |     1 |     1 ||     2
       Potion            |       |       |     1 |     8 ||     9
 Stab: Sleeping          |     1 |     3 |    13 |     8 ||    25
       Distracted        |       |       |       |     1 ||     1
Armor: Skin              |       |       |     2 |     2 ||     4
Dodge: Dodged            |     3 |     2 |   116 |    86 ||   207
